 Dungeon Crawl Stone Soup version 0.22-a0-40-g3d2f077 (webtiles) character file.

33983 tidbits the Reanimator (level 13, -8/99 HPs)
             Began as a Gnoll Necromancer on Jan 4, 2018.
             Was an Elder of Cheibriados.
             Mangled by a skeletal warrior
             ... wielding a +0 dire flail
             ... led by a skeletal warrior
              (26 damage)
             ... on level 15 of the Dungeon.
             The game lasted 00:53:16 (3571 turns).

tidbits the Reanimator (Gnoll Necromancer)          Turns: 3571, Time: 00:53:16

Health: -8/99      AC: 11    Str: 20    XL:     13   Next: 74%
Magic:  2/26       EV: 22    Int: 33    God:    Cheibriados [****..]
Gold:   330        SH: 11    Dex: 26    Spells: 4/31 levels left

rFire    . . .     SeeInvis .   a - +2 dagger (elec)
rCold    + . .     Gourm    .   D - +3 warlock's mirror {reflect}
rNeg     . . .     Faith    .   B - +2 robe {MR+}
rPois    .         Spirit   .   E - +1 helmet
rElec    .         Reflect  +   C - +2 cloak
rCorr    .         Harm     .   (no gloves)
MR       +....                  F - +0 pair of boots
Stlth    +++++.....             h - amulet of magic regeneration
HPRegen  0.26/turn              g - ring of protection from cold
MPRegen  0.45/turn              (no ring)

@: very slightly contaminated, very slow
A: distributed training, fangs 1, strong nose
a: Bend Time, Temporal Distortion, Slouch, Renounce Religion


You were on level 15 of the Dungeon.
You worshipped Cheibriados.
Cheibriados was greatly pleased with you.
You were not hungry.

You visited 2 branches of the dungeon, and saw 16 of its levels.
You also visited: Ossuary and Ice Cave.

You collected 780 gold pieces.
You spent 450 gold pieces at shops.

Inventory:

Hand Weapons
 a - a +2 dagger of electrocution (weapon)
   (You found it on level 4 of the Dungeon)
 d - a +3 whip
 f - a +1 dagger of draining
   (You found it in an ice cave)
 j - a +0 short sword
 l - a +0 hunting sling
 n - a +3 great sword of holy wrath
   (You took it off Rupert on level 14 of the Dungeon)
 v - a +2 dagger of venom
   (You found it on level 7 of the Dungeon)
 x - a +0 shortbow
 I - a +0 trident of freezing
   (You found it on level 7 of the Dungeon)
 L - a +0 hand axe of flaming
   (You found it on level 13 of the Dungeon)
 P - a +2 dagger of venom
   (You took it off an orc priest on level 13 of the Dungeon)
 R - a +0 hand crossbow
 S - a +2 glaive of freezing
   (You found it in an ice cave)
 W - a +5 glaive of freezing
   (You found it in an ice cave)
 X - a +1 short sword of venom
   (You took it off a kobold on level 7 of the Dungeon)
 Y - a +3 longbow of flaming
   (You took it off Nessos on level 14 of the Dungeon)
 Z - a +1 dagger of pain
   (You took it off a wizard on level 14 of the Dungeon)
Missiles
 e - 28 stones (quivered)
 y - 60 arrows
Armour
 s - a +0 ring mail of magic resistance
   (You took it off Rupert on level 14 of the Dungeon)
 B - a +2 robe of magic resistance (worn)
   (You took it off Pikel on level 7 of the Dungeon)
 C - a +2 cloak (worn)
 D - the +3 warlock's mirror (worn) {reflect}
   (You found it on level 14 of the Dungeon)
 E - a +1 helmet (worn)
 F - a +0 pair of boots (worn)
 H - a +0 robe
Jewellery
 g - a ring of protection from cold (left hand)
   (You found it on level 2 of the Dungeon)
 h - an amulet of magic regeneration (around neck)
   (You found it on level 3 of the Dungeon)
 V - an uncursed ring of ice
   (You found it in an ice cave)
Wands
 m - a wand of iceblast (13)
 t - a wand of digging (31)
 u - a wand of polymorph (8)
 w - a wand of enslavement (30)
 z - a wand of paralysis (1)
 Q - a wand of flame (12)
Scrolls
 i - a scroll of teleportation
 o - a scroll of noise
 r - 4 scrolls of remove curse
Potions
 k - a potion of brilliance {unknown}
 p - a potion of cancellation
 q - 2 potions of might
 G - 2 potions of curing {unknown}
 J - a potion of ambrosia {unknown}
 K - a potion of berserk rage {unknown}
 M - a potion of invisibility {unknown}
 O - a potion of heal wounds {unknown}
Books
 b - a book of Necromancy

   Spells                             Type                      Level
   a - Pain                           Necromancy                   1
   b - Animate Skeleton               Necromancy                   1
   c - Vampiric Draining              Necromancy                   3
   d - Regeneration                   Charms/Necromancy            3
   e - Animate Dead                   Necromancy                   4
   f - Borgnjor's Vile Clutch         Necromancy/Earth             5
 A - the Grimoire of Mutagenic Ignition
   (You found it in an ice cave)

   Spells                             Type                      Level
   a - Flame Tongue                   Conjuration/Fire             1
   b - Passwall                       Transmutation/Earth          2
   c - Ignite Poison                  Fire/Transmutation/Poison    3
   d - Bolt of Magma                  Conjuration/Fire/Earth       5
 N - the Compendium of Creative Stolen Souls
   (You found it on level 10 of the Dungeon)

   Spells                             Type                      Level
   a - Summon Butterflies             Summoning                    1
   b - Vampiric Draining              Necromancy                   3
   c - Summon Mana Viper              Hexes/Summoning              5
   d - Agony                          Necromancy                   5
   e - Summon Forest                  Summoning/Translocation      5
 T - a book of Ice
   (You found it in an ice cave)

   Spells                             Type                      Level
   a - Ice Form                       Ice/Transmutation            4
   b - Metabolic Englaciation         Hexes/Ice                    5
   c - Ozocubu's Refrigeration        Ice                          6
   d - Bolt of Cold                   Conjuration/Ice              6
   e - Freezing Cloud                 Conjuration/Ice/Air          6
   f - Simulacrum                     Ice/Necromancy               6
 U - the Tome of Boosting Transmigration
   (You found it in an ice cave)

   Spells                             Type                      Level
   a - Infusion                       Charms                       1
   b - Beastly Appendage              Transmutation                1
   c - Shroud of Golubria             Charms/Translocation         2
   d - Ozocubu's Armour               Charms/Ice                   3
   e - Spider Form                    Transmutation/Poison         3
   f - Petrify                        Transmutation/Earth          4
   g - Deflect Missiles               Charms/Air                   6
Comestibles
 c - 3 rations


   Skills:
 + Level 8.4 Fighting
 + Level 8.4 Short Blades
 + Level 8.4 Long Blades
 + Level 8.4 Axes
 + Level 8.4 Maces & Flails
 + Level 8.4 Polearms
 + Level 8.4 Staves
 + Level 8.4 Slings
 + Level 8.4 Bows
 + Level 8.4 Crossbows
 + Level 8.4 Throwing
 + Level 8.4 Armour
 + Level 9.6 Dodging
 + Level 9.4 Stealth
 + Level 8.4 Shields
 + Level 8.4 Unarmed Combat
 + Level 9.8 Spellcasting
 + Level 7.0 Conjurations
 + Level 7.0 Hexes
 + Level 7.0 Charms
 + Level 7.0 Summonings
 + Level 10.0 Necromancy
 + Level 7.0 Translocations
 + Level 7.0 Transmutations
 + Level 7.0 Fire Magic
 + Level 7.0 Ice Magic
 + Level 7.0 Air Magic
 + Level 7.0 Earth Magic
 + Level 7.0 Poison Magic
 + Level 9.2 Invocations
 + Level 8.4 Evocations


You had 4 spell levels left.
You knew the following spells:

 Your Spells              Type           Power        Failure   Level  Hunger
a - Pain                  Necr           ####         1%          1    None
d - Vampiric Draining     Necr           ######....   1%          3    None
m - Bolt of Magma         Conj/Fire/Erth ######....   4%          5    ###....
n - Animate Skeleton      Necr           N/A          1%          1    None
o - Ozocubu's Armour      Chrm/Ice       ######..     1%          3    None
p - Passwall              Tmut/Erth      ######....   1%          2    None
r - Regeneration          Chrm/Necr      ######....   1%          3    None
v - Borgnjor's Vile Clut  Necr/Erth      ######....   2%          5    ###....
N - Animate Dead          Necr           N/A          1%          4    None


Dungeon Overview and Level Annotations

Branches:
Dungeon (15/15)            Temple (1/1) D:4          Vaults (0/5) D:14
 Depths (0/5) D:15
   Lair: D:8-11         Orc: D:9-12

Altars:
Cheibriados
Fedhas
Gozag
Makhleb
Qazlal
Sif Muna
Uskayaw
Vehumet
Wu Jian
Xom
Yredelemnul
Zin
The Shining One

Shops:
D:4 *   D:6 }%


Innate Abilities, Weirdness & Mutations

Your experience applies equally to all skills.
You have very sharp teeth.
Your uncanny sense of smell can sniff out nearby items.


Message History

The red ugly thing is severely wounded.
The zombie hands constrict the red ugly thing!
The zombie hands constrict the centaur warrior skeleton.
You hit the red ugly thing.
You bite the red ugly thing, but do no damage.
The red ugly thing is almost dead.
The zombie hands constrict the red ugly thing!
You kill the red ugly thing!
Cheibriados appreciates the change of pace.
The zombie hands constrict the centaur warrior skeleton!
The centaur warrior skeleton closely misses you.
You hit the centaur warrior skeleton.
Lightning courses through the centaur warrior skeleton!
The centaur warrior skeleton is heavily damaged.
The zombie hands constrict the centaur warrior skeleton!
You block the centaur warrior skeleton's attack.
You hit the centaur warrior skeleton.
Lightning courses through the centaur warrior skeleton!
The centaur warrior skeleton is almost destroyed.
The zombie hands constrict the centaur warrior skeleton.
You destroy the centaur warrior skeleton!
Cheibriados thoroughly appreciates the change of pace.
Cheibriados raises the support of your attributes as your movement slows.
Your skin is crawling a little less now.
You see here a war axe.
You see here a metallic blue potion.
k - a metallic blue potion Your skin stops crawling.
You see here a war axe.
You see here a battleaxe.
An ogre mage comes into view. It is wielding a club.
A two-headed ogre comes into view.
It is wielding a giant club and a giant spiked club.
You see here a scroll labeled BYEDOU XEMN.
You can't carry that many items.
Casting: Borgnjor's Vile Clutch
Confirm with . or Enter, or press ? or * to list all spells.
Aiming: Borgnjor's Vile Clutch
Press: ? - help, Dir - move target cursor, f - two-headed ogre
Aim: a two-headed ogre, wielding a giant club and a giant spiked club (hasn't noticed you) Decaying hands burst forth from the earth!
Zombie hands grab the two-headed ogre.
The zombie hands constrict the two-headed ogre!
You hear a shout!
The two-headed ogre hits you with a giant club!!
* * * LOW HITPOINT WARNING * * *
You block the two-headed ogre's attack.
You hear two shouts! x3; You hear a shout!
Unknown command.
Okay, then.
Okay, then.
Unknown command.
Evoke which item? (* to show all) (? for menu, Esc to quit)
Okay, then.
Evoke which item? (* to show all) (? for menu, Esc to quit)
Aiming: Iceblast
Press: ? - help, Shift-Dir - straight line, p - two-headed ogre The mass of ice explodes!
The iceblast engulfs the ogre mage.
The ogre mage is moderately wounded.
The zombie hands constrict the two-headed ogre!
You hear two shouts!
You hear a shout!
Evoke which item? (* to show all) (? for menu, Esc to quit)
Okay, then.
Okay, then.
Unknown command.
Okay, then.
Okay, then.
Okay, then.
Unknown command.
Unknown command.
Evoke which item? (* to show all) (? for menu, Esc to quit)
Okay, then.
Unknown command.
Evoke which item? (* to show all) (? for menu, Esc to quit)
Aiming: Iceblast
Press: ? - help, Shift-Dir - straight line The mass of ice explodes!
The iceblast engulfs the ogre mage.
The ogre mage is severely wounded.
The iceblast engulfs the two-headed ogre.
The two-headed ogre is severely wounded.
The zombie hands constrict the two-headed ogre.
The two-headed ogre completely misses you.
You block the two-headed ogre's attack.
The skeletal warrior hits you with a dire flail!
* * * LOW HITPOINT WARNING * * *
A two-headed ogre comes into view.
It is wielding a giant club and a dire flail.
Casting: Borgnjor's Vile Clutch
Confirm with . or Enter, or press ? or * to list all spells.
Aiming: Borgnjor's Vile Clutch
Press: ? - help, Dir - move target cursor, f - you Decaying hands burst forth from the earth!
Zombie hands grab the skeletal warrior.
Zombie hands grab the ogre mage.
The two-headed ogre is unaffected.
The zombie hands constrict the skeletal warrior.
The zombie hands constrict the ogre mage!
The zombie hands constrict the two-headed ogre!
The ogre mage hits you with a club!
* * * LOW HITPOINT WARNING * * *
The two-headed ogre escapes!
The skeletal warrior hits you with a dire flail!!
You die...

,,,,** #..........##
,,,,,* *#...∩......#
,,,,,* #..........#
,,,,,* #...)††....#
,,,,,** ##..)......#
,,,,,,*######...).....#
,,,,,,,...............#
,,,,,,**####....z.....#
*##### ,,,,,,*
####.@O...## *#....#**
*,,,,,* #.O...##
*#.....#*, **,,***
##.O### ##.Z.....,,
**** ##...###........,*
*#..#............**
#..####..<.......* ###*
#####.#####* **#


You could see a skeletal warrior, 2 two-headed ogres and an ogre mage.

Vanquished Creatures
  Rupert (D:14)
  A frost giant (IceCv)
  A very ugly thing (D:14)
  Nessos (D:14)
  Josephine (D:12)
  A vault guard (D:14)
  A hydra (D:12)
  3 two-headed ogres
  A death yak (IceCv)
  7 skeletal warriors
  An unseen horror (D:14)
  5 wizards (D:14)
  A deep elf archer (D:14)
  Pikel (D:7)
  2 wolf spider zombies
  The ghost of tidbits the Grave Robber, a novice GnNe of Cheibriados (D:7)
  4 ugly things
  2 cyclopes (D:14)
  A gargoyle (D:14)
  An ice statue (IceCv)
  16 polar bears (IceCv)
  A troll (D:13)
  A wyvern (D:8)
  13 yaks (IceCv)
  5 wraiths
  A steam dragon (D:11)
  A hungry ghost (D:10)
  2 ice beasts
  A phantom (D:9)
  An eye of draining (D:11)
  3 sky beasts
  3 slaves (D:7)
  5 ogres
  17 wolves (IceCv)
  2 centaurs
  2 big kobolds (D:7)
  An elf zombie (Ossuary)
  A bullfrog (D:13)
  An elf skeleton (D:4)
  A gnoll sergeant (D:7)
  3 scorpions
  6 killer bees (D:7)
  4 wights (D:13)
  A howler monkey (D:14)
  5 crimson imps
  7 hounds
  2 orc priests
  4 centaur skeletons
  A human skeleton (D:4)
  2 orc wizards (D:13)
  2 iguanas
  5 worker ants
  A big kobold zombie (Ossuary)
  2 hound zombies (D:7)
  2 mummies (Ossuary)
  A worker ant zombie (D:5)
  3 gnolls (D:4)
  2 adders
  2 shadow imps
  12 white imps (D:13)
  5 worms
  A dart slug (D:2)
  6 orcs
  2 bats
  3 giant cockroaches
  2 gnoll zombies (Ossuary)
  3 goblins
  4 hobgoblins
  4 jackals
  A quokka (D:3)
  3 frilled lizards
  A goblin zombie (Ossuary)
  3 hobgoblin zombies (Ossuary)
  14 kobolds
  A leopard gecko skeleton (D:2)
  4 orc zombies (Ossuary)
  2 rats
241 creatures vanquished.

Vanquished Creatures (collateral kills)
  A wizard (D:14)
  3 polar bears (IceCv)
  2 yaks (IceCv)
  2 wolves (IceCv)
  A jackal (D:6)
9 creatures vanquished.

Grand Total: 250 creatures vanquished

Notes
Turn   | Place    | Note
-------+----------+-------------------------------------------
     0 | D:1      | tidbits the Gnoll Necromancer began the quest for the Orb.
     0 | D:1      | Reached XP level 1. HP: 13/13 MP: 6/6
    69 | D:2      | Reached XP level 2. HP: 12/19 MP: 4/7
    76 | D:2      | Learned a level 1 spell: Animate Skeleton
   219 | D:2      | Reached skill level 5 in Spellcasting
   219 | D:2      | Reached skill level 1 in Invocations
   219 | D:2      | Reached XP level 3. HP: 2/25 MP: 3/9
   224 | D:2      | Learned a level 3 spell: Regeneration
   229 | D:2      | Learned a level 3 spell: Vampiric Draining
   241 | D:2      | Found a faded altar of an unknown god.
   292 | D:2      | Reached skill level 1 in Fighting
   292 | D:2      | Reached skill level 1 in Short Blades
   292 | D:2      | Reached skill level 1 in Long Blades
   292 | D:2      | Reached skill level 1 in Axes
   292 | D:2      | Reached skill level 1 in Maces & Flails
   292 | D:2      | Reached skill level 1 in Polearms
   292 | D:2      | Reached skill level 1 in Staves
   292 | D:2      | Reached skill level 1 in Slings
   292 | D:2      | Reached skill level 1 in Bows
   292 | D:2      | Reached skill level 1 in Crossbows
   292 | D:2      | Reached skill level 1 in Throwing
   292 | D:2      | Reached skill level 1 in Armour
   292 | D:2      | Reached skill level 1 in Shields
   292 | D:2      | Reached skill level 1 in Unarmed Combat
   292 | D:2      | Reached skill level 1 in Evocations
   338 | D:2      | Reached XP level 4. HP: 27/32 MP: 11/11
   446 | D:5      | Entered Level 5 of the Dungeon
   462 | D:5      | Reached skill level 1 in Conjurations
   462 | D:5      | Reached skill level 1 in Hexes
   462 | D:5      | Reached skill level 1 in Charms
   462 | D:5      | Reached skill level 1 in Summonings
   462 | D:5      | Reached skill level 1 in Translocations
   462 | D:5      | Reached skill level 1 in Transmutations
   462 | D:5      | Reached skill level 1 in Fire Magic
   462 | D:5      | Reached skill level 1 in Ice Magic
   462 | D:5      | Reached skill level 1 in Air Magic
   462 | D:5      | Reached skill level 1 in Earth Magic
   462 | D:5      | Reached skill level 1 in Poison Magic
   489 | D:4      | Reached XP level 5. HP: 37/37 MP: 12/12
   545 | D:4      | Noticed an ogre
   551 | D:4      | Killed an ogre
   551 | D:4      | Reached skill level 2 in Invocations
   551 | D:4      | Reached XP level 6. HP: 23/44 MP: 2/13
   585 | D:4      | Found Monysecw's Assorted Antiques.
   597 | D:4      | Bought a scroll labeled YBON RO QOJUSCH for 23 gold pieces
   597 | D:4      | Bought 2 viscous orange potions for 41 gold pieces
   633 | D:4      | Found a staircase to the Ecumenical Temple.
   641 | Temple   | Entered the Ecumenical Temple
   675 | Temple   | Became a worshipper of Cheibriados the Contemplative
   713 | D:4      | Reached skill level 2 in Fighting
   713 | D:4      | Reached skill level 2 in Short Blades
   713 | D:4      | Reached skill level 2 in Long Blades
   713 | D:4      | Reached skill level 2 in Axes
   713 | D:4      | Reached skill level 2 in Maces & Flails
   713 | D:4      | Reached skill level 2 in Polearms
   713 | D:4      | Reached skill level 2 in Staves
   713 | D:4      | Reached skill level 2 in Slings
   713 | D:4      | Reached skill level 2 in Bows
   713 | D:4      | Reached skill level 2 in Crossbows
   713 | D:4      | Reached skill level 2 in Throwing
   713 | D:4      | Reached skill level 2 in Armour
   713 | D:4      | Reached skill level 5 in Dodging
   713 | D:4      | Reached skill level 2 in Shields
   713 | D:4      | Reached skill level 2 in Unarmed Combat
   713 | D:4      | Reached skill level 2 in Evocations
   846 | D:4      | Found a sand-covered staircase.
   858 | D:4      | Reached XP level 7. HP: 44/50 MP: 15/15
   862 | Ossuary  | Entered an ossuary
  1070 | D:4      | Reached skill level 2 in Conjurations
  1070 | D:4      | Reached skill level 2 in Hexes
  1070 | D:4      | Reached skill level 2 in Charms
  1070 | D:4      | Reached skill level 2 in Summonings
  1070 | D:4      | Reached skill level 2 in Translocations
  1070 | D:4      | Reached skill level 2 in Transmutations
  1070 | D:4      | Reached skill level 2 in Fire Magic
  1070 | D:4      | Reached skill level 2 in Ice Magic
  1070 | D:4      | Reached skill level 2 in Air Magic
  1070 | D:4      | Reached skill level 2 in Earth Magic
  1070 | D:4      | Reached skill level 2 in Poison Magic
  1121 | D:5      | Found a burning altar of Makhleb.
  1122 | D:5      | Found a radiant altar of Vehumet.
  1181 | D:4      | Bought a runed fluorescent wand for 92 gold pieces
  1181 | D:4      | Bought a scroll labeled HOMIOT XIEKHLOAJAFA for 23 gold pieces
  1181 | D:4      | Bought a scroll labeled DAETIE URHYRANG for 23 gold pieces
  1181 | D:4      | Bought a runed gold wand for 92 gold pieces
  1256 | D:5      | Reached skill level 5 in Stealth
  1256 | D:5      | Reached skill level 3 in Invocations
  1289 | D:5      | Found a blossoming altar of Fedhas.
  1336 | D:6      | Found Bayn's Food Shoppe.
  1366 | D:6      | Found Wourgh's Gadget Emporium.
  1396 | D:6      | Reached * piety under Cheibriados
  1459 | D:7      | Reached XP level 8. HP: 51/57 MP: 16/16
  1497 | D:7      | Reached skill level 3 in Fighting
  1497 | D:7      | Reached skill level 3 in Short Blades
  1497 | D:7      | Reached skill level 3 in Long Blades
  1497 | D:7      | Reached skill level 3 in Axes
  1497 | D:7      | Reached skill level 3 in Maces & Flails
  1497 | D:7      | Reached skill level 3 in Polearms
  1497 | D:7      | Reached skill level 3 in Staves
  1497 | D:7      | Reached skill level 3 in Slings
  1497 | D:7      | Reached skill level 3 in Bows
  1497 | D:7      | Reached skill level 3 in Crossbows
  1497 | D:7      | Reached skill level 3 in Throwing
  1497 | D:7      | Reached skill level 3 in Armour
  1497 | D:7      | Reached skill level 3 in Shields
  1497 | D:7      | Reached skill level 3 in Unarmed Combat
  1497 | D:7      | Reached skill level 3 in Evocations
  1560 | D:6      | Reached skill level 6 in Spellcasting
  1577 | D:6      | Bought a wand of paralysis (10) for 156 gold pieces
  1757 | D:7      | Reached ** piety under Cheibriados
  1787 | D:7      | Reached skill level 3 in Conjurations
  1787 | D:7      | Reached skill level 3 in Hexes
  1787 | D:7      | Reached skill level 3 in Charms
  1787 | D:7      | Reached skill level 3 in Summonings
  1787 | D:7      | Reached skill level 3 in Translocations
  1787 | D:7      | Reached skill level 3 in Transmutations
  1787 | D:7      | Reached skill level 3 in Fire Magic
  1787 | D:7      | Reached skill level 3 in Ice Magic
  1787 | D:7      | Reached skill level 3 in Air Magic
  1787 | D:7      | Reached skill level 3 in Earth Magic
  1787 | D:7      | Reached skill level 3 in Poison Magic
  1787 | D:7      | Reached skill level 4 in Invocations
  1798 | D:7      | Learned a level 4 spell: Animate Dead
  1805 | D:7      | Learned a level 5 spell: Borgnjor's Vile Clutch
  1818 | D:7      | Noticed tidbits's ghost (novice GnNe)
  1835 | D:7      | Killed tidbits's ghost
  1835 | D:7      | Reached skill level 6 in Dodging
  1835 | D:7      | Reached XP level 9. HP: 65/65 MP: 18/18
  1888 | D:7      | Found a glowing silver altar of Zin.
  1900 | D:7      | Found a deep blue altar of Sif Muna.
  1904 | D:7      | Reached skill level 4 in Fighting
  1904 | D:7      | Reached skill level 4 in Short Blades
  1904 | D:7      | Reached skill level 4 in Long Blades
  1904 | D:7      | Reached skill level 4 in Axes
  1904 | D:7      | Reached skill level 4 in Maces & Flails
  1904 | D:7      | Reached skill level 4 in Polearms
  1904 | D:7      | Reached skill level 4 in Staves
  1904 | D:7      | Reached skill level 4 in Slings
  1904 | D:7      | Reached skill level 4 in Bows
  1904 | D:7      | Reached skill level 4 in Crossbows
  1904 | D:7      | Reached skill level 4 in Throwing
  1904 | D:7      | Reached skill level 4 in Armour
  1904 | D:7      | Reached skill level 4 in Shields
  1904 | D:7      | Reached skill level 4 in Unarmed Combat
  1904 | D:7      | Reached skill level 4 in Evocations
  1922 | D:7      | Noticed Pikel
  1930 | D:7      | Killed Pikel
  1930 | D:7      | Reached skill level 6 in Stealth
  1930 | D:7      | Reached skill level 8 in Necromancy
  2226 | D:10     | Entered Level 10 of the Dungeon
  2227 | D:10     | Reached skill level 5 in Invocations
  2263 | D:10     | Identified the Compendium of Creative Stolen Souls
  2276 | D:11     | Reached XP level 10. HP: 73/73 MP: 20/20
  2279 | D:11     | Noticed a two-headed ogre
  2285 | D:11     | Killed a two-headed ogre
  2285 | D:11     | Reached skill level 7 in Spellcasting
  2285 | D:11     | Reached skill level 4 in Conjurations
  2285 | D:11     | Reached skill level 4 in Hexes
  2285 | D:11     | Reached skill level 4 in Charms
  2285 | D:11     | Reached skill level 4 in Summonings
  2285 | D:11     | Reached skill level 4 in Translocations
  2285 | D:11     | Reached skill level 4 in Transmutations
  2285 | D:11     | Reached skill level 4 in Fire Magic
  2285 | D:11     | Reached skill level 4 in Ice Magic
  2285 | D:11     | Reached skill level 4 in Air Magic
  2285 | D:11     | Reached skill level 4 in Earth Magic
  2285 | D:11     | Reached skill level 4 in Poison Magic
  2298 | D:11     | Reached skill level 5 in Fighting
  2298 | D:11     | Reached skill level 5 in Short Blades
  2298 | D:11     | Reached skill level 5 in Long Blades
  2298 | D:11     | Reached skill level 5 in Axes
  2298 | D:11     | Reached skill level 5 in Maces & Flails
  2298 | D:11     | Reached skill level 5 in Polearms
  2298 | D:11     | Reached skill level 5 in Staves
  2298 | D:11     | Reached skill level 5 in Slings
  2298 | D:11     | Reached skill level 5 in Bows
  2298 | D:11     | Reached skill level 5 in Crossbows
  2298 | D:11     | Reached skill level 5 in Throwing
  2298 | D:11     | Reached skill level 5 in Armour
  2298 | D:11     | Reached skill level 5 in Shields
  2298 | D:11     | Reached skill level 5 in Unarmed Combat
  2298 | D:11     | Reached skill level 5 in Evocations
  2314 | D:12     | Noticed Josephine
  2321 | D:12     | Killed Josephine
  2321 | D:12     | Reached skill level 7 in Dodging
  2410 | D:12     | Noticed a five-headed hydra
  2424 | D:12     | Reached skill level 7 in Stealth
  2424 | D:12     | Reached skill level 6 in Invocations
  2425 | D:12     | Killed a five-headed hydra
  2470 | D:13     | Reached XP level 11. HP: 63/81 MP: 11/22
  2472 | D:13     | Reached *** piety under Cheibriados
  2473 | D:13     | Noticed a white ugly thing
  2482 | D:13     | Killed a white ugly thing
  2511 | D:13     | Found a frozen archway.
  2533 | D:13     | Reached skill level 6 in Fighting
  2533 | D:13     | Reached skill level 6 in Short Blades
  2533 | D:13     | Reached skill level 6 in Long Blades
  2533 | D:13     | Reached skill level 6 in Axes
  2533 | D:13     | Reached skill level 6 in Maces & Flails
  2533 | D:13     | Reached skill level 6 in Polearms
  2533 | D:13     | Reached skill level 6 in Staves
  2533 | D:13     | Reached skill level 6 in Slings
  2533 | D:13     | Reached skill level 6 in Bows
  2533 | D:13     | Reached skill level 6 in Crossbows
  2533 | D:13     | Reached skill level 6 in Throwing
  2533 | D:13     | Reached skill level 6 in Armour
  2533 | D:13     | Reached skill level 6 in Shields
  2533 | D:13     | Reached skill level 6 in Unarmed Combat
  2533 | D:13     | Reached skill level 6 in Evocations
  2633 | D:13     | Reached skill level 5 in Conjurations
  2633 | D:13     | Reached skill level 5 in Hexes
  2633 | D:13     | Reached skill level 5 in Charms
  2633 | D:13     | Reached skill level 5 in Summonings
  2633 | D:13     | Reached skill level 5 in Translocations
  2633 | D:13     | Reached skill level 5 in Transmutations
  2633 | D:13     | Reached skill level 5 in Fire Magic
  2633 | D:13     | Reached skill level 5 in Ice Magic
  2633 | D:13     | Reached skill level 5 in Air Magic
  2633 | D:13     | Reached skill level 5 in Earth Magic
  2633 | D:13     | Reached skill level 5 in Poison Magic
  2637 | IceCv    | Entered an ice cave
  2689 | IceCv    | Reached skill level 8 in Spellcasting
  2708 | IceCv    | Reached **** piety under Cheibriados
  2740 | IceCv    | Reached skill level 9 in Necromancy
  2740 | IceCv    | Reached skill level 7 in Invocations
  2785 | IceCv    | Reached skill level 8 in Dodging
  2904 | IceCv    | Identified the Grimoire of Mutagenic Ignition
  2910 | IceCv    | Learned a level 2 spell: Passwall
  2941 | IceCv    | Reached ***** piety under Cheibriados
  2961 | IceCv    | Learned a level 5 spell: Bolt of Magma
  2981 | IceCv    | Reached skill level 8 in Stealth
  2981 | IceCv    | Reached XP level 12. HP: 52/89 MP: 13/24
  3057 | IceCv    | Noticed a death yak
  3057 | IceCv    | Noticed a frost giant
  3064 | IceCv    | Reached skill level 7 in Fighting
  3064 | IceCv    | Reached skill level 7 in Short Blades
  3064 | IceCv    | Reached skill level 7 in Long Blades
  3064 | IceCv    | Reached skill level 7 in Axes
  3064 | IceCv    | Reached skill level 7 in Maces & Flails
  3064 | IceCv    | Reached skill level 7 in Polearms
  3064 | IceCv    | Reached skill level 7 in Staves
  3064 | IceCv    | Reached skill level 7 in Slings
  3064 | IceCv    | Reached skill level 7 in Bows
  3064 | IceCv    | Reached skill level 7 in Crossbows
  3064 | IceCv    | Reached skill level 7 in Throwing
  3064 | IceCv    | Reached skill level 7 in Armour
  3064 | IceCv    | Reached skill level 7 in Shields
  3064 | IceCv    | Reached skill level 7 in Unarmed Combat
  3064 | IceCv    | Reached skill level 7 in Evocations
  3070 | IceCv    | Killed a death yak
  3070 | IceCv    | Killed a frost giant
  3070 | IceCv    | Reached skill level 6 in Conjurations
  3070 | IceCv    | Reached skill level 6 in Hexes
  3070 | IceCv    | Reached skill level 6 in Charms
  3070 | IceCv    | Reached skill level 6 in Summonings
  3070 | IceCv    | Reached skill level 6 in Translocations
  3070 | IceCv    | Reached skill level 6 in Transmutations
  3070 | IceCv    | Reached skill level 6 in Fire Magic
  3070 | IceCv    | Reached skill level 6 in Ice Magic
  3070 | IceCv    | Reached skill level 6 in Air Magic
  3070 | IceCv    | Reached skill level 6 in Earth Magic
  3070 | IceCv    | Reached skill level 6 in Poison Magic
  3077 | IceCv    | Identified the Tome of Boosting Transmigration
  3094 | IceCv    | Learned a level 3 spell: Ozocubu's Armour
  3141 | D:14     | Reached skill level 8 in Invocations
  3145 | D:14     | Reached skill level 9 in Spellcasting
  3186 | D:15     | Entered Level 15 of the Dungeon
  3258 | D:14     | Noticed a two-headed ogre
  3261 | D:14     | Noticed a vault guard
  3261 | D:14     | Noticed a cyan very ugly thing
  3266 | D:14     | Killed a two-headed ogre
  3267 | D:14     | Reached skill level 9 in Dodging
  3267 | D:14     | Killed a vault guard
  3267 | D:14     | Reached XP level 13. HP: 35/98 MP: 12/26
  3267 | D:14     | Killed a cyan very ugly thing
  3269 | D:14     | Noticed Nessos
  3270 | D:14     | Found a gate to the Vaults.
  3278 | D:14     | Killed Nessos
  3278 | D:14     | Reached skill level 9 in Stealth
  3357 | D:14     | Reached skill level 8 in Fighting
  3357 | D:14     | Reached skill level 8 in Short Blades
  3357 | D:14     | Reached skill level 8 in Long Blades
  3357 | D:14     | Reached skill level 8 in Axes
  3357 | D:14     | Reached skill level 8 in Maces & Flails
  3357 | D:14     | Reached skill level 8 in Polearms
  3357 | D:14     | Reached skill level 8 in Staves
  3357 | D:14     | Reached skill level 8 in Slings
  3357 | D:14     | Reached skill level 8 in Bows
  3357 | D:14     | Reached skill level 8 in Crossbows
  3357 | D:14     | Reached skill level 8 in Throwing
  3357 | D:14     | Reached skill level 8 in Armour
  3357 | D:14     | Reached skill level 8 in Shields
  3357 | D:14     | Reached skill level 8 in Unarmed Combat
  3357 | D:14     | Reached skill level 8 in Evocations
  3431 | D:14     | Noticed Rupert
  3440 | D:14     | Killed Rupert
  3440 | D:14     | Reached skill level 9 in Invocations
  3473 | D:14     | Found the +3 warlock's mirror {reflect}
  3527 | D:15     | Found a labyrinth entrance.
  3535 | D:15     | Reached skill level 10 in Necromancy
  3546 | D:15     | Reached skill level 7 in Conjurations
  3546 | D:15     | Reached skill level 7 in Hexes
  3546 | D:15     | Reached skill level 7 in Charms
  3546 | D:15     | Reached skill level 7 in Summonings
  3546 | D:15     | Reached skill level 7 in Translocations
  3546 | D:15     | Reached skill level 7 in Transmutations
  3546 | D:15     | Reached skill level 7 in Fire Magic
  3546 | D:15     | Reached skill level 7 in Ice Magic
  3546 | D:15     | Reached skill level 7 in Air Magic
  3546 | D:15     | Reached skill level 7 in Earth Magic
  3546 | D:15     | Reached skill level 7 in Poison Magic
  3571 | D:15     | Mangled by a skeletal warrior

Vault maps used:
D:1:      mrwooster_arrival_statue_3
D:2:      first_ration, chequers_ecumenical_altar_simple, uniq_terence
D:3:      overflow_temple_1_default, minmay_lizard_king
D:4:      minmay_temple_entry_glassed_door, serial_shops,
          nicolae_shop_overgrown_old_shop, nicolae_ossuary_entry_catacombs
D:5:      grunt_temple_overflow_lords_of_destruction, fedhas_altar_4,
          nrook_loot_triangle, tgw_xom
D:6:      serial_shops, shop_statue, shop
D:7:      marbit_many_paths, kennysheep_mini, uniq_pikel
D:9:      zombieorc2_lemuel
D:10:     amethyst_killhole, the_bakery, minmay_misc_feat_diagonals,
          yredelemnul_altar_generic
D:11:     erik_lair_island, enter_trove_3, serial_column_ruins,
          column_ruins_open_large, column_ruins_grid_3, column_ruins_open_tiny,
          column_ruins_open_tiny, nrook_pool_corridor
D:12:     uniq_josephine
D:13:     portal_ice_cave_entry_imps
D:14:     minmay_smoke_and_mirrors, david_vaults_5,
          hangedman_decor_clover_reticule, uniq_rupert, uniq_nessos
D:15:     grunt_enter_depths_magical_seal, lab_entry_generic,
          serial_bayou_pond_d, nicolae_gozag_seed_capital
Temple:   eino_temple_scatter_basement
Ossuary:  minmay_ossuary_gauntlet
IceCv:    ice_cave_caverns_01

Skill      XL: |  1  2  3  4  5  6  7  8  9 10 11 12 13 |
---------------+----------------------------------------+-----
Spellcasting   | 5 6 7 8 9 |  9.8
Invocations    | 1 2 3 4 5 6 7 8 9 |  9.2
Fighting       | 1 2 3 4 5 6 7 8 |  8.4
Short Blades   | 1 2 3 4 5 6 7 8 |  8.4
Long Blades    | 1 2 3 4 5 6 7 8 |  8.4
Axes           | 1 2 3 4 5 6 7 8 |  8.4
Maces & Flails | 1 2 3 4 5 6 7 8 |  8.4
Polearms       | 1 2 3 4 5 6 7 8 |  8.4
Staves         | 1 2 3 4 5 6 7 8 |  8.4
Slings         | 1 2 3 4 5 6 7 8 |  8.4
Bows           | 1 2 3 4 5 6 7 8 |  8.4
Crossbows      | 1 2 3 4 5 6 7 8 |  8.4
Throwing       | 1 2 3 4 5 6 7 8 |  8.4
Armour         | 1 2 3 4 5 6 7 8 |  8.4
Shields        | 1 2 3 4 5 6 7 8 |  8.4
Unarmed Combat | 1 2 3 4 5 6 7 8 |  8.4
Evocations     | 1 2 3 4 5 6 7 8 |  8.4
Conjurations   | 1 2 3 4 5 6 7 |  7.0
Hexes          | 1 2 3 4 5 6 7 |  7.0
Charms         | 1 2 3 4 5 6 7 |  7.0
Summonings     | 1 2 3 4 5 6 7 |  7.0
Translocations | 1 2 3 4 5 6 7 |  7.0
Transmutations | 1 2 3 4 5 6 7 |  7.0
Fire Magic     | 1 2 3 4 5 6 7 |  7.0
Ice Magic      | 1 2 3 4 5 6 7 |  7.0
Air Magic      | 1 2 3 4 5 6 7 |  7.0
Earth Magic    | 1 2 3 4 5 6 7 |  7.0
Poison Magic   | 1 2 3 4 5 6 7 |  7.0
Dodging        | 5 6 7 8 9 |  9.6
Stealth        | 5 6 7 8 9 |  9.4
Necromancy     | 8 9 10 | 10.0

Action                   |  1- 3 |  4- 6 |  7- 9 | 10-12 | 13-15 || total
-------------------------+-------+-------+-------+-------+-------++-------
Melee: Dagger            |    11 |     8 |   104 |   198 |    37 ||   358
       Bite              |     2 |     3 |    20 |    36 |     8 ||    69
       Short sword       |       |     9 |    13 |       |       ||    22
       Whip              |       |    11 |    70 |       |       ||    81
       Flail             |       |     6 |       |       |       ||     6
       Punch             |       |     1 |     2 |       |       ||     3
 Cast: Pain              |    41 |    38 |    20 |       |     1 ||   100
       Regeneration      |     2 |     3 |    12 |    15 |     5 ||    37
       Vampiric Draining |       |     6 |     3 |     2 |     1 ||    12
       Animate Skeleton  |       |     2 |     6 |    11 |     4 ||    23
       Animate Dead      |       |       |     1 |     5 |       ||     6
       Borgnjor's Vile C |       |       |     2 |    36 |    14 ||    52
       Passwall          |       |       |       |     2 |       ||     2
       Bolt of Magma     |       |       |       |     3 |       ||     3
Invok: Bend Time         |       |       |       |     4 |       ||     4
       Slouch            |       |       |       |     3 |     2 ||     5
Evoke: Wand              |       |       |    13 |    26 |    12 ||    51
  Use: Potion            |     1 |       |     1 |     3 |       ||     5
       Scroll            |       |     2 |     4 |     6 |     2 ||    14
 Stab: Sleeping          |     2 |     6 |    13 |     3 |     1 ||    25
       Distracted        |       |     1 |     2 |     2 |     1 ||     6
       Paralysed         |       |       |     5 |     7 |     1 ||    13
       Betrayed ally     |       |       |       |       |     1 ||     1
  Eat: Ration            |       |       |     1 |     2 |     1 ||     4
       Chunk             |       |       |     2 |     2 |       ||     4
Armor: Robe              |     2 |     7 |    39 |    53 |     9 ||   110
       Skin              |       |       |     2 |       |       ||     2
Dodge: Dodged            |    15 |    27 |   125 |   203 |    46 ||   416
Block: Buckler           |       |       |    30 |    66 |    20 ||   116

Table legend:
 A = Spawn XP
 B = Non-spawn XP
 C = Spawn XP percentage of total XP
 D = Spawn monster count
 E = Non-spawn monster count
 F = Spawn count percentage of total count
 G = Total turns spent on level
                    A         B        C        D         E        F      G
               +---------+---------+-------+---------+---------+-------+---------
         Total |       0 |   48548 |   0.0 |       0 |     247 |   0.0 |  3571
               +---------+---------+-------+---------+---------+-------+---------
           D:1 |       0 |       9 |   0.0 |       0 |       6 |   0.0 |    65
           D:2 |       0 |      60 |   0.0 |       0 |      14 |   0.0 |   194
           D:3 |       0 |      55 |   0.0 |       0 |      10 |   0.0 |   191
           D:4 |       0 |     608 |   0.0 |       0 |      18 |   0.0 |   449
           D:5 |       0 |     193 |   0.0 |       0 |       5 |   0.0 |   219
           D:6 |       0 |     184 |   0.0 |       0 |       8 |   0.0 |   228
           D:7 |       0 |    2322 |   0.0 |       0 |      31 |   0.0 |   478
           D:8 |       0 |     290 |   0.0 |       0 |       2 |   0.0 |    66
           D:9 |       0 |     166 |   0.0 |       0 |       2 |   0.0 |   130
          D:10 |       0 |     416 |   0.0 |       0 |       3 |   0.0 |    44
          D:11 |       0 |    1207 |   0.0 |       0 |       4 |   0.0 |    36
          D:12 |       0 |    3375 |   0.0 |       0 |       9 |   0.0 |   144
          D:13 |       0 |    2500 |   0.0 |       0 |      30 |   0.0 |   239
          D:14 |       0 |   19210 |   0.0 |       0 |      27 |   0.0 |   360
          D:15 |       0 |    4300 |   0.0 |       0 |       8 |   0.0 |    57
       Ossuary |       0 |     173 |   0.0 |       0 |      14 |   0.0 |   160
         IceCv |       0 |   13480 |   0.0 |       0 |      56 |   0.0 |   465
               +---------+---------+-------+---------+---------+-------+---------

Table legend:
 A = Turns spent in this place as a percentage of turns spent in the entire game.
 B = Non-inter-level travel turns spent in this place as a percentage of non-inter-level travel turns spent in the entire game.
 C = Inter-level travel turns spent in this place as a percentage of turns spent in this place.
 D = Turns resting spent in this place as a percentage of non-inter-level travel turns spent in this place.
 E = Turns spent auto-exploring this place as a percentage of non-inter-level travel turns spent in this place.
 F = Non-inter-level travel turns spent in this place divided by the number of levels of this place that you've seen.
                   A       B       C       D       E      F
               +-------+-------+-------+-------+-------+----------------------
         Total | 100.0 | 100.0 |   1.5 |   0.1 |   0.0 | 195.4
       Dungeon |  81.2 |  80.9 |   1.9 |   0.1 |   0.0 | 189.7
        Temple |   1.3 |   1.3 |   0.0 |   0.0 |   0.0 |  46.0
       Ossuary |   4.5 |   4.5 |   0.0 |   0.0 |   0.0 | 160.0
      Ice Cave |  13.0 |  13.2 |   0.0 |   0.0 |   0.0 | 465.0
               +-------+-------+-------+-------+-------+----------------------

Table legend:
 A = Kills in this place as a percentage of kills in entire the game.
 B = Kills by you in this place as a percentage of kills by you in the entire game.
 C = Kills by friends in this place as a percentage of kills by friends in the entire game.
 D = Other kills in this place as a percentage of other kills in the entire game.
 E = Experience gained in this place as a percentage of experience gained in the entire game.
 F = Experience gained in this place divided by the number of levels of this place that you have seen.
                   A       B       C       D       E      F
               +-------+-------+-------+-------+-------+----------------------
         Total | 100.0 | 100.0 | 100.0 |   N/A | 100.0 | 2697.1
       Dungeon |  71.7 |  73.5 |  22.2 |   N/A |  71.9 | 2326.3
       Ossuary |   5.7 |   5.9 |   0.0 |   N/A |   0.4 | 173.0
      Ice Cave |  22.7 |  20.6 |  77.8 |   N/A |  27.8 | 13480.0
               +-------+-------+-------+-------+-------+----------------------

Vault maps used:
D:1:      mrwooster_arrival_statue_3
D:2:      first_ration, chequers_ecumenical_altar_simple, uniq_terence
D:3:      overflow_temple_1_default, minmay_lizard_king
D:4:      minmay_temple_entry_glassed_door, serial_shops,
          nicolae_shop_overgrown_old_shop, nicolae_ossuary_entry_catacombs
D:5:      grunt_temple_overflow_lords_of_destruction, fedhas_altar_4,
          nrook_loot_triangle, tgw_xom
D:6:      serial_shops, shop_statue, shop
D:7:      marbit_many_paths, kennysheep_mini, uniq_pikel
D:9:      zombieorc2_lemuel
D:10:     amethyst_killhole, the_bakery, minmay_misc_feat_diagonals,
          yredelemnul_altar_generic
D:11:     erik_lair_island, enter_trove_3, serial_column_ruins,
          column_ruins_open_large, column_ruins_grid_3, column_ruins_open_tiny,
          column_ruins_open_tiny, nrook_pool_corridor
D:12:     uniq_josephine
D:13:     portal_ice_cave_entry_imps
D:14:     minmay_smoke_and_mirrors, david_vaults_5,
          hangedman_decor_clover_reticule, uniq_rupert, uniq_nessos
D:15:     grunt_enter_depths_magical_seal, lab_entry_generic,
          serial_bayou_pond_d, nicolae_gozag_seed_capital
Temple:   eino_temple_scatter_basement
Ossuary:  minmay_ossuary_gauntlet
IceCv:    ice_cave_caverns_01
